Map: 2000 Atmospheres LE

Players

Kelazhur - Winner!

  • Race: Terran Terran

Erik

  • Race: Zerg Zerg
  • League: Master

Event: DreamHack SC2 Masters 2021 Summer

VOD

Have the link to the VOD?

Description

Time

  • Played on: May 21, 2021, 4:57 p.m.
  • Length: 8:45

All games in this series

Show
View Real Time Build Order
Export as new Build Order

Kelazhur Terran - Winner!

Build Orders: Reaper Expand 

Get SALT Encoding   

  12  0:00  SCV  
  13  0:12  SCV  
  14  0:17  Supply Depot  
  14  0:24  SCV  
  15  0:38  SCV  
  15  0:39  Barracks  
  16  0:43  Refinery  
  16  0:50  SCV  
  17  1:02  SCV  
  18  1:14  SCV  
  19  1:26  Reaper  
  19  1:27  Orbital Command  
  20  1:37  Command Center  
  20  1:46  Supply Depot  
  20  1:52  SCV  
  21  1:58  Marine  
  22  2:03  Factory  
  22  2:05  SCV  
  23  2:17  SCV  
  23  2:20  Barracks Reactor  
  24  2:29  SCV  
  25  2:43  SCV  
  26  2:53  Command Center  
  26  2:55  SCV  
  27  3:01  Starport  
  27  3:07  Hellion x2  
  27  3:09  SCV  
  31  3:21  Orbital Command  
  31  3:25  SCV  
  32  3:36  Hellion x2  
  32  3:37  SCV  
  37  3:45  Viking  
  37  3:47  SCV  
  40  3:49  SCV  
  41  3:59  SCV  
  41  4:01  SCV  
  43  4:06  Orbital Command  
  43  4:10  Barracks Tech Lab  
  43  4:11  SCV  
  43  4:13  Hellion x2, SCV  
  43  4:14  Refinery  
  49  4:23  SCV  
  50  4:25  SCV  
  51  4:34  SCV  
  51  4:35  SCV  
  51  4:37  Stimpack, Marine  
  51  4:38  SCV  
  54  4:42  Refinery  
  54  4:43  Barracks  
  54  4:44  Barracks  
  54  4:45  Refinery  
  54  4:47  Factory Reactor, SCV x2  
  54  4:50  SCV  
  55  4:54  Marine  
  55  4:59  SCV x2  
  52  5:00  Starport Reactor  
  52  5:02  SCV  
  53  5:10  Supply Depot  
  53  5:11  SCV  
  53  5:12  Engineering Bay, SCV  
  56  5:14  Engineering Bay, Marine, SCV  
  57  5:23  SCV  
  57  5:24  SCV  
  57  5:26  SCV  
  61  5:36  SCV  
  61  5:38  SCV  
  61  5:39  Marine x3  
  61  5:41  Orbital Command  
  66  5:43  Barracks  
  66  5:45  Barracks  
  66  5:46  Terran Infantry Weapons Level 1, Terran Infantry Armor Level 1  
  66  5:48  SCV, Marine, Factory Tech Lab  
  67  5:52  Medivac  
  67  5:55  Supply Depot x2  
  69  5:57  Medivac, Marine  
  69  6:01  Supply Depot, SCV  
  69  6:02  SCV  
  74  6:04  Supply Depot  
  74  6:05  Marine x3  
  77  6:16  Siege Tank, Marine, SCV x2  
  83  6:18  SCV  
  83  6:19  Supply Depot  
  83  6:23  Medivac  
  83  6:24  Marine  
  87  6:27  Medivac  
  87  6:30  SCV  
  87  6:31  Marine x2  
  92  6:36  Marine x2  
  92  6:37  Barracks Reactor x2  
  92  6:39  Refinery, SCV  
  95  6:42  Combat Shield, SCV  
  95  6:45  Marine  
  95  6:46  SCV  
  98  6:48  Supply Depot, Marine  
  98  6:50  Armory  
  98  6:52  SCV  
  100  6:57  Supply Depot  
  100  6:58  Marine x3  
  101  7:03  Marine  
  101  7:07  Medivac  
  101  7:08  Medivac, Widow Mine, Marine  
  109  7:23  Marine x4  
  109  7:28  Marine  
  109  7:29  Marine  
  115  7:34  Widow Mine, Marine  
  115  7:35  Marine x2  
  120  7:37  Medivac  
  120  7:38  Medivac  
  120  7:41  Marine x2  
  120  7:42  SCV x2  
  120  7:43  Factory, Command Center  
  128  7:44  Supply Depot  
  128  7:46  Marine  
  128  7:47  Supply Depot  
  120  7:58  Marine  
  120  8:00  Marine x7  
  120  8:04  Marine  
  125  8:08  Widow Mine  
  126  8:14  Missile Turret  
  126  8:16  Marine, Missile Turret  
  126  8:18  Marine x3  
  134  8:27  Factory Reactor  
Show
View Real Time Build Order
Export as new Build Order

Erik Zerg 

Build Orders: Pool First 

Get SALT Encoding   

  12  0:00  Drone  
  13  0:12  Overlord  
  13  0:17  Drone  
  14  0:30  Drone x2  
  16  0:41  Spawning Pool  
  16  0:42  Extractor  
  14  0:46  Drone  
  15  0:50  Drone  
  15  0:56  Drone  
  17  1:15  Hatchery  
  16  1:28  Zergling x6  
  19  1:38  Queen  
  21  1:45  Metabolic Boost  
  21  1:53  Overlord  
  21  1:57  Drone  
  22  2:11  Zergling x2  
  22  2:12  Zergling x2  
  22  2:15  Queen  
  26  2:23  Drone  
  27  2:31  Drone  
  27  2:32  Queen  
  27  2:33  Drone  
  30  2:44  Drone x2  
  32  2:52  Drone x4  
  34  3:01  Zergling x4  
  36  3:14  Drone  
  36  3:16  Drone  
  36  3:19  Hatchery  
  35  3:21  Drone  
  35  3:25  Overlord  
  36  3:34  Overlord  
  36  3:43  Queen x2  
  36  3:44  Drone  
  36  3:45  Drone x2  
  36  3:47  Drone  
  44  3:53  Overlord  
  44  3:54  Drone x2  
  46  4:00  Zergling x6  
  46  4:01  Zergling x2  
  50  4:08  Drone  
  50  4:09  Spore Crawler  
  50  4:11  Overlord  
  50  4:13  Drone  
  50  4:16  Drone  
  52  4:29  Queen  
  54  4:32  Drone x5  
  55  4:39  Queen  
  55  4:41  Zergling x4  
  50  4:55  Drone x7  
  50  4:58  Drone x2  
  53  5:00  Drone  
  53  5:02  Lair  
  53  5:03  Drone  
  53  5:05  Extractor x2  
  53  5:06  Extractor  
  51  5:07  Drone  
  51  5:11  Drone  
  54  5:14  Drone  
  54  5:17  Baneling Nest  
  54  5:20  Drone  
  54  5:22  Drone  
  54  5:24  Drone  
  56  5:30  Drone  
  56  5:34  Overlord x3  
  57  5:52  Overlord x3  
  57  5:53  Drone x6  
  57  5:55  Drone  
  64  5:57  Drone  
  65  6:04  Spire  
  65  6:08  Extractor  
  65  6:09  Extractor  
  62  6:20  Drone x4  
  62  6:21  Centrifical Hooks  
  62  6:23  Drone x3  
  67  6:28  Drone x3  
  67  6:31  Drone x2  
  72  6:36  Drone x3  
  75  6:46  Zergling x12  
  81  7:00  Evolution Chamber  
  78  7:02  Evolution Chamber  
  78  7:03  Zergling x6  
  78  7:05  Baneling x3  
  78  7:07  Hatchery  
  78  7:08  Baneling x4  
  75  7:09  Baneling x2  
  75  7:14  Zergling x2  
  75  7:15  Zergling x6  
  69  7:28  Zergling x16  
  72  7:39  Drone x5  
  72  7:42  Drone x2  
  79  7:54  Zergling x2  
  79  7:55  Zergling x10  
  75  8:06  Baneling x5  
  75  8:07  Zergling x8  
  75  8:15  Baneling x4  
  75  8:16  Baneling x4  
  75  8:18  Zergling x6  
  75  8:19  Zergling x2  
  77  8:27  Zergling x2, Extractor  
  77  8:28  Zergling x6, Extractor  
Tags
 
Add a new tag
Caveats
  • Supply blocks, unpowered buildings, or Contaminate may cause inaccurate times.
  • Supply counts are checked every 10 seconds.